 Dungeon Crawl Stone Soup version 0.25.1-2-g60ff931df9 (webtiles) character file.

Game seed: 10248020145136114658

42 solopath the Chiller (level 3, -6/24 HPs)
             Began as a Barachi Ice Elementalist on Nov 5, 2020.
             Mangled by a worm (12 damage)
             ... on level 3 of the Dungeon.
             The game lasted 00:02:53 (2157 turns).

solopath the Chiller (Barachi Ice Elementalist)     Turns: 2157, Time: 00:02:54

Health: -6/24      AC:  2    Str:  9    XL:     3   Next: 54%
Magic:  0/7        EV: 12    Int: 16    God:
Gold:   165        SH:  0    Dex: 12    Spells: 3/7 levels left

rFire    . . .     SeeInvis .   e - +0 short sword
rCold    . . .     Gourm    .   (no shield)
rNeg     . . .     Faith    .   a - +0 robe
rPois    .         Spirit   .   (no helmet)
rElec    .         Reflect  .   (no cloak)
rCorr    .         Harm     .   (no gloves)
MR       .....                  (no boots)
Stlth    ++........             (no amulet)
HPRegen  0.08/turn              (no ring)
MPRegen  0.10/turn              (no ring)

@: slow
A: +LOS, swims, slowness 1, strong legs 1
a: Hop


You were on level 3 of the Dungeon.
You were hungry.

You visited 1 branch of the dungeon, and saw 3 of its levels.

You collected 165 gold pieces.

Inventory:

Hand Weapons
 e - a +0 short sword (weapon)
 g - a +0 dagger
Armour
 a - a +0 robe (worn)
 f - a +0 buckler
Jewellery
 w - an uncursed amulet of guardian spirit {unknown}
Wands
 u - a wand of flame (24)
Scrolls
 b - 2 scrolls of fear {unknown}
 d - 4 scrolls of remove curse {unknown}
 h - a scroll of noise {unknown}
 k - 2 scrolls of identify {unknown}
 m - a scroll of magic mapping {unknown}
 n - 2 scrolls of teleportation {unknown}
 p - a scroll of random uselessness {unknown}
 t - a scroll of immolation {unknown}
Potions
 i - a potion of brilliance {unknown}
 j - a potion of heal wounds {unknown}
 l - a potion of mutation {unknown}
 o - a potion of resistance {unknown}
 q - a potion of curing {unknown}
 r - a potion of flight {unknown}
 s - a potion of stabbing {unknown}
Comestibles
 c - 4 rations


   Skills:
 - Level 2.1 Dodging
 + Level 2.3 Stealth
 + Level 2.7 Spellcasting
 * Level 5.6 Ice Magic


You had 3 spell levels left.
You knew the following spells:

 Your Spells              Type           Power        Failure   Level  Hunger
a - Freeze                Ice            ###.         1%          1    #......
b - Frozen Ramparts       Ice            ###...       5%          3    ###....

Your spell library contained the following spells:

 Spells                   Type           Power        Failure   Level  Hunger
 Ozocubu's Armour         Chrm/Ice       ##......     19%         3    ###....
 Hailstorm                Conj/Ice       ##......     52%         4    #####..
 Summon Ice Beast         Ice/Summ       ##......     52%         4    #####..


Dungeon Overview and Level Annotations

Branches:
Dungeon (3/15)

Altars:
Uskayaw
Zin


Innate Abilities, Weirdness & Mutations

You can be seen from farther away. (+LOS)
You can swim through water.
You cover ground slowly.
You can hop short distances.


Message History

You freeze the worm.
The worm is severely wounded.
You hit the worm.
The worm is almost dead.
The worm closely misses you.
You hit the worm.
The worm is almost dead.
You hit the worm.
The worm is almost dead.
The worm closely misses you.
Casting: Freeze (safe; 1% risk of failure)
Confirm with . or Enter, or press ? or * to list all spells.
Aiming: Freeze (safe; 1% risk of failure)
Press: ? - help, Shift-Dir - straight line, f/p - worm
Aim: a worm (almost dead)
You freeze the worm.
The worm is almost dead.
The worm bites you!
Ouch! That really hurt!
You die...

#######
.....###
#.....# #.....#
#.....# #..@<.#
#..w..# ######
###†### #.....
#.# #.....
####.#####
#.....
#.[......#
#.....
#..#.##..#
#.....###..#..#
.# #.w......# #


You could see a worm.

Vanquished Creatures
  An ooze (D:2)
  A worm (D:2)
  A leopard gecko (D:1)
  An orc (D:3)
  6 bats (D:1)
  3 giant cockroaches
  3 goblins
  A hobgoblin (D:2)
  2 frilled lizards (D:1)
  7 kobolds
  6 rats
32 creatures vanquished.

Notes
Turn   | Place    | Note
-------+----------+-------------------------------------------
     0 | D:1      | solopath the Barachi Ice Elementalist began the quest for
                  | the Orb.
     0 | D:1      | Reached XP level 1. HP: 13/13 MP: 3/3
   111 | D:1      | Reached skill level 5 in Ice Magic
   324 | D:1      | Reached XP level 2. HP: 19/19 MP: 3/5
   987 | D:2      | Found a hide-covered altar of Uskayaw.
  1042 | D:2      | Found a glowing silver altar of Zin.
  1146 | D:2      | Reached XP level 3. HP: 24/24 MP: 4/6
  1378 | D:2      | Learned a level 3 spell: Frozen Ramparts
  2157 | D:3      | Mangled by a worm

Illustrated notes

Levels and vault maps discovered:
D:1:      lemuel_arrival_broad_hall, layout_rooms, st_stairs_13,
          minmay_misc_feat_secret_circle, minmay_ruptured
D:2:      layout_basic, lemuel_coloured_pillars_altar,
          eat_drink_and_be_merry_uskayaw
D:3:      layout_loops_cross, makhleb_blood_cavern_becter

Skill      XL: |  1 |
---------------+----+-----
Ice Magic      | 5 |  5.6
Stealth        | 2 |  2.3
Dodging        | |  2.1
Spellcasting   | |  2.7

Action                   || total
-------------------------++-------
Melee: Unarmed           ||     6
       Short sword       ||    30
 Cast: Freeze            ||    46
 Abil: Hop               ||     1
 Stab: Sleeping          ||     7
  Eat: Chunk             ||     1
       Ration            ||     1
Armor: Robe              ||    16
Dodge: Dodged            ||    36
